 Dungeon Crawl Stone Soup version 0.23-a0-183-gf37f6fb (webtiles) character file.

41 tsouns the Scratcher (level 3, -1/15 HPs)
             Began as a Felid Transmuter on Sept 21, 2018.
             Blown up by Ijyb (10 damage)
             ... with a wand of disintegration (15)
             ... on level 3 of the Dungeon.
             The game lasted 00:04:14 (1898 turns).

tsouns the Scratcher (Felid Transmuter)             Turns: 1898, Time: 00:04:14

Health: -1/15      AC:  1    Str:  4 (6)  XL:     3   Next: 32%
Magic:  1/7        EV: 17    Int: 12 (15) God:
Gold:   75         SH:  0    Dex: 14 (16) Spells: 0/6 levels left
                                        Lives:  0   Deaths: 0

rFire    . . .     SeeInvis +     - Unarmed
rCold    . . .     Gourm    .   (shield unavailable)
rNeg     . . .     Faith    .   (armour unavailable)
rPois    .         Spirit   .   (helmet unavailable)
rElec    .         Reflect  .   (cloak unavailable)
rCorr    .         Harm     .   (gloves unavailable)
MR       .....                  (boots unavailable)
Stlth    ++........             b - amulet of inaccuracy (curse)
HPRegen  0.05/turn              (no ring)
MPRegen  0.10/turn              (no ring)

@: very slightly contaminated, quick
A: very small, no armour, no weapons or thrown items, stealth, claws 1, fangs 3,
see invisible, carnivore, speed 1, shaggy fur 1, slow metabolism 1, sharp paws
a: no special abilities


You were on level 3 of the Dungeon.
You were completely stuffed.

You visited 1 branch of the dungeon, and saw 3 of its levels.

You collected 75 gold pieces.

Inventory:

Missiles
 a - 11 arrows
Jewellery
 b - a cursed amulet of inaccuracy (around neck)
Potions
 d - 2 potions of degeneration
 e - a potion of flight
 f - a potion of magic {unknown}
 k - a potion of curing {unknown}
Comestibles
 c - 4 rations
 g - 4 chunks of flesh


   Skills:
 - Level 1.0 Fighting
 - Level 2.6 Dodging
 + Level 3.8 Unarmed Combat
 - Level 2.0 Spellcasting
 + Level 3.3 Transmutations


You couldn't memorise any spells.
You knew the following spells:

 Your Spells              Type           Power        Failure   Level  Hunger
a - Beastly Appendage     Tmut           #.....       7%          1    ##.....
b - Sticks to Snakes      Tmut           #.......     11%         2    ###....
c - Spider Form           Tmut/Pois      #.........   38%         3    ####...

Your spell library contained the following spells:

 Spells                   Type           Power        Failure   Level  Hunger
 Ice Form                 Ice/Tmut       #.......     80%         4    #####..
 Blade Hands              Tmut           #.........   89%         5    ######.


Dungeon Overview and Level Annotations

Branches:
Dungeon (3/15)

Altars:
Elyvilon

Annotations:
D:3 Ijyb


Innate Abilities, Weirdness & Mutations

You cannot wear armour.
You are incapable of wielding weapons or throwing items.
Your paws allow you to move quietly. (Stealth)
You have sharp claws.
You have razor-sharp teeth.
You have supernaturally acute eyesight. (SInv)
You are carnivorous and can eat meat at any time.
You cover ground quickly.
You are covered in fur. (AC +1)
You have a slow metabolism.
Your sharp claws are effective at attacking unaware monsters.


Message History

Your transformation is almost over.
Unknown command.
You hit the hobgoblin.
The hobgoblin is poisoned.
The hobgoblin is heavily wounded.
The hobgoblin closely misses you.
You hit the hobgoblin.
You kill the hobgoblin!
Ijyb shouts!
Ijyb screams, "Me kill you!"
You hit the giant cockroach.
The giant cockroach is poisoned.
The giant cockroach is almost dead.
Your transformation has ended.
You kill the giant cockroach!
Casting: Spider Form (slightly dangerous; 38% risk of failure)
Confirm with . or Enter, or press ? or * to list all spells.
You don't have enough magic to cast that spell.
You see here a jackal skeleton.
Ijyb zaps a wand.
You are blasted!
Ouch! That really hurt!
You die...

#..........#
#####..........#
+..............#
####...........#
#...........# ######
#...........#
#....####.##########
+....'............
#..).#####@#######
#....<.# #รท#
#......# #.##
#......# #g.######
#####+## ##......#
................
................
...........##...
...........# ..


You could see Ijyb.

Vanquished Creatures
  A dart slug (D:1)
  A leopard gecko (D:2)
  A giant cockroach (D:3)
  4 goblins
  3 hobgoblins
  3 jackals (D:3)
  A kobold (D:1)
  A ball python (D:1)
  4 bats (D:1)
  3 frilled lizards
  8 rats
30 creatures vanquished.

Vanquished Creatures (collateral kills)
  An adder (D:3)
1 creature vanquished.

Grand Total: 31 creatures vanquished

Notes
Turn   | Place    | Note
-------+----------+-------------------------------------------
     0 | D:1      | tsouns the Felid Transmuter began the quest for the Orb.
     0 | D:1      | Reached XP level 1. HP: 9/9 MP: 4/4
   368 | D:1      | Reached XP level 2. HP: 8/12 MP: 4/6
   372 | D:1      | Learned a level 2 spell: Sticks to Snakes
  1490 | D:2      | Found a white marble altar of Elyvilon.
  1557 | D:3      | Reached XP level 3. HP: 5/15 MP: 4/7
  1839 | D:3      | Learned a level 3 spell: Spider Form
  1854 | D:3      | Noticed Ijyb
  1898 | D:3      | Blown up by Ijyb

Vault maps used:
D:1:      minmay_arrival_four_houses, minmay_misc_feat_ornament,
          corexii_leaking_fountain
D:2:      elyvilon_altar_5
D:3:      uniq_ijyb, uniq_crazy_yiuf_cottage

Skill      XL: |  1  2 |
---------------+-------+-----
Transmutations | 3 |  3.3
Fighting       | |  1.0
Dodging        | |  2.6
Unarmed Combat | |  3.8
Spellcasting   | |  2.0

Action                   || total
-------------------------++-------
Melee: Unarmed           ||   108
       Headbutt          ||     9
       Bite              ||     4
       Punch             ||     1
 Cast: Beastly Appendage ||    18
       Sticks to Snakes  ||     1
       Spider Form       ||     2
  Use: Scroll            ||     7
       Potion            ||     3
  Eat: Chunk             ||    10
Armor: Skin              ||     6
Dodge: Dodged            ||    84

Table legend:
 A = Non-vault XP
 B = Vault XP
 C = Vault XP percentage of total XP
 D = Non-vault monster count
 E = Vault monster count
 F = Vault count percentage of total count
                 A         B        C        D         E       F
            +---------+---------+-------+---------+---------+-------
      Total |      59 |       0 |   0.0 |      31 |       0 |   0.0
            +---------+---------+-------+---------+---------+-------
        D:1 |      26 |       0 |   0.0 |      18 |       0 |   0.0
        D:2 |       9 |       0 |   0.0 |       6 |       0 |   0.0
        D:3 |      24 |       0 |   0.0 |       7 |       0 |   0.0
            +---------+---------+-------+---------+---------+-------
